AoeStats
← +elko4+ -on the road to 0MMR

Nomad

510622656Analyzed
4v4 RM · 2d ago on Oct 1, 2026· 40m 14s· 8 players
Game mode
Random Map
Map size
231×231
Population
200
Speed
Normal
Resources
Standard
Victory
Conquest
Starting age
Dark Age
Ending age
Imperial Age
RankedLock teamsTeams togetherTeam positionsShared explorationLock speedFull tech treeHidden civsTurbo modeCheats
Victory
Defeat
🇵🇹 Vietnamese · Portugal
1236
+14
1193
+15
🇫🇷 Koreans · France
1183
+16
🇺🇸 Portuguese · United States
1177
+16
1243
-18
🇩🇪 Goths · Germany
1238
-17
🇩🇪 Franks · Germany
1140
-14
🇩🇪 Bulgarians · Germany
1096
-12
Thunder
7:23 Loom
15:50 Feudal Age
20:26 Castle Age
25:20 Double-Bit Axe
30:26 Horse Collar
33:48 Wheelbarrow
33:24 Bow Saw
34:17 Heavy Plow
37:21 Hand Cart
37:03 Gold Mining
38:40 Stone Mining
42:03 Imperial Age
+elko4+ -on the road to 0MMR
5:15 Loom
12:48 Feudal Age
13:51 Double-Bit Axe
21:28 Castle Age
22:12 Fishing Lines
22:52 Bow Saw
23:27 Scale Barding Armor
24:53 Wheelbarrow
24:36 Forging
25:51 Town Watch
29:49 Gillnets
30:14 Fletching
30:45 Hand Cart
31:50 Gold Mining
33:11 Horse Collar
34:03 Bloodlines
33:54 Husbandry
35:01 Chain Barding Armor
38:40 Imperial Age
38:20 Iron Casting
38:00 Bodkin Arrow
40:02 Cavalier
Massarock
8:09 Loom
14:03 Feudal Age
15:43 Wheelbarrow
14:55 Double-Bit Axe
17:46 Gold Mining
17:47 Town Watch
18:45 Fishing Lines
23:08 Castle Age
21:39 Fletching
22:21 Horse Collar
22:18 Man-at-Arms
23:04 Scale Mail Armor
23:15 Forging
23:21 Long Swordsman
25:46 Chain Mail Armor
29:43 Bodkin Arrow
35:32 Iron Casting
34:55 Bodkin Arrow
37:19 Padded Archer Armor
42:55 Imperial Age
40:35 Heavy Plow
JoN
4:42 Loom
13:10 Feudal Age
13:37 Fishing Lines
13:49 Double-Bit Axe
16:14 Wheelbarrow
19:09 Castle Age
17:35 Stone Mining
19:02 Gold Mining
20:59 Bow Saw
21:29 Gillnets
21:43 Fletching
22:03 Town Watch
23:49 Bodkin Arrow
24:32 Husbandry
26:20 Hand Cart
26:07 Horse Collar
27:56 Ballistics
27:55 Heavy Plow
32:09 Gold Shaft Mining
32:09 Stone Shaft Mining
34:31 Imperial Age
34:02 Scale Barding Armor
35:09 Town Patrol
34:59 Elite War Wagon
36:00 Conscription
37:22 Bracer
38:28 Chemistry
40:30 Shinkichon
タタールが村に入った5番
4:04 Loom
13:21 Feudal Age
17:55 Castle Age
16:13 Fletching
16:40 Padded Archer Armor
18:30 Bodkin Arrow
24:13 Scale Barding Armor
24:18 Forging
28:42 Bloodlines
c_aus_h
13:40 Feudal Age
15:13 Horse Collar
19:27 Loom
25:02 Castle Age
23:20 Double-Bit Axe
23:48 Forging
23:39 Scale Mail Armor
23:44 Scale Barding Armor
23:35 Fletching
23:36 Gold Mining
23:36 Stone Mining
23:49 Stone Mining
31:07 Fishing Lines
32:25 Heavy Plow
35:02 Wheelbarrow
35:07 Husbandry
35:13 Town Watch
36:45 Hand Cart
37:03 Bloodlines
36:50 Gillnets
38:16 Iron Casting
KIV.Master Dj
5:47 Loom
13:55 Feudal Age
14:30 Double-Bit Axe
20:40 Castle Age
19:54 Forging
19:45 Scale Mail Armor
20:07 Stone Mining
20:56 Wheelbarrow
25:05 Gold Mining
34:57 Imperial Age
32:21 Fletching
33:03 Bow Saw
33:18 Bodkin Arrow
32:55 Crossbowman
35:57 Town Watch
40:00 Chemistry
KIV_Amir
6:48 Loom
14:21 Feudal Age
14:51 Man-at-Arms
23:34 Castle Age
23:03 Stone Mining
24:40 Double-Bit Axe
26:37 Husbandry
27:16 Scale Barding Armor
29:36 Bow Saw
29:21 Gold Mining
32:01 Gold Shaft Mining
38:16 Wheelbarrow
Connection lost

Rejoining the realm…

Still unreachable

The connection could not be restored.

Session expired

The server has moved on; the page needs a fresh start.